 Dungeon Crawl Stone Soup version 0.28.0-53-g5a82cb258f (webtiles) character file.

Game seed: 16795557075912437812

18690 DemonSlayer the Covert (level 12, -13/87 HPs)
             Began as a Demonspawn Fire Elementalist on Aug 14, 2022.
             Was a Priest of Cheibriados.
             Mangled by a frost giant
             ... wielding a +0 battleaxe of freezing
              (40 damage)
             ... in an ice cave.
             The game lasted 00:36:14 (13506 turns).

DemonSlayer the Covert (DsFE)                      Turns: 13506, Time: 00:36:14

Health: -13/87     AC:  9    Str: 23    XL:     12   Next: 29%
Magic:  13/24      EV: 13    Int: 31    God:    Cheibriados [***...]
Gold:   739        SH:  8    Dex: 23    Spells: 4/27 levels left

rFire   . . .      SeeInvis .   E - +1 dagger (venom)
rCold   + . .      Faith    .   C - +2 buckler of the Assorted Queens {Drain Str+4 Slay+3}
rNeg    . . .      Spirit   .   x - +0 ring mail of Tuotups {Will+ Regen+ Str+2 Int+2}
rPois   +          Reflect  .   m - +0 helmet
rElec   .          Harm     .   (cloak unavailable)
rCorr   .          Rampage  .   f - +0 pair of gloves
Will    +....                   (no boots)
Stlth   ++++......              (no amulet)
HPRegen 1.04/turn               a - ring of protection from cold
MPRegen 0.19/turn               z - ring of poison resistance

@: about to teleport, very slow
A: rugged brown scales 1, demonic magic 3, weakness stinger 3, agile 1, clever
1, passive freeze
a: Renounce Religion, Bend Time, Temporal Distortion


You were in an ice cave.
You worshipped Cheibriados.
Cheibriados was most pleased with you.
You visited 3 branches of the dungeon, and saw 12 of its levels.
You also visited: Ice Cave.

You collected 882 gold pieces.
You spent 143 gold pieces at shops.

Inventory:

Hand Weapons
 o - a +0 vampiric dagger
 E - a +1 dagger of venom (weapon)
Missiles
 y - 2 curare-tipped darts
Armour
 f - a +0 pair of gloves (worn)
 m - a +0 helmet (worn)
 x - the +0 ring mail of Tuotups (worn) {Will+ Regen+ Str+2 Int+2}
   (You found it on level 5 of the Dungeon)

   Str:       It affects your strength (+2).
   Int:       It affects your intelligence (+2).
   Regen:     It increases your rate of health regeneration.
   Will:      It increases your willpower.
 C - the +2 buckler of the Assorted Queens (worn) {Drain Str+4 Slay+3}
   (You found it on level 6 of the Dungeon)

   Str:       It affects your strength (+4).
   Slay:      It affects your accuracy & damage with ranged weapons and melee
   (+3).
   Drain:     It drains your maximum health when unequipped.
Jewellery
 a - a ring of protection from cold (left hand)
 h - a ring of positive energy
 r - a ring of flight
 z - a ring of poison resistance (right hand)
 B - a ring of positive energy
Wands
 b - a wand of acid (1)
 i - a wand of iceblast (1)
 l - a wand of flame (7)
 w - a wand of mindburst (7)
 G - a wand of charming (3)
Scrolls
 g - 2 scrolls of enchant armour
 p - a scroll of teleportation
 t - a scroll of identify
 u - 3 scrolls of vulnerability
 v - a scroll of immolation
 H - a scroll of fog
Potions
 c - a potion of berserk rage
 d - 2 potions of magic
 e - 7 potions of curing
 j - 4 potions of brilliance
 k - 3 potions of flight
 n - 2 potions of attraction
 q - 3 potions of lignification
 s - 3 potions of mutation
 D - 2 potions of might
Miscellaneous
 F - a tin of tremorstones (2/2)


   Skills:
 + Level 4.9 Fighting
 + Level 5.5 Short Blades
 + Level 1.9 Axes
 + Level 1.0(1.1) Slings
 + Level 0.3(0.7) Throwing
 + Level 5.5 Armour
 + Level 4.1 Dodging
 + Level 10.4 Stealth
 + Level 3.0 Shields
 + Level 0.5 Unarmed Combat
 + Level 8.2 Spellcasting
 + Level 3.2 Conjurations
 + Level 0.1 Hexes
 + Level 0.1 Summonings
 + Level 8.3 Fire Magic
 + Level 4.3 Evocations


You had 4 spell levels left.
You knew the following spells:

 Your Spells              Type           Power      Damage    Failure   Level
a - Foxfire               Conj/Fire      100%       2x1d9     1%          1
b - Scorch                Fire           100%       2d10      1%          2
c - Conjure Flame         Conj/Fire      48%        6-21      2%          3
d - Flame Wave            Conj/Fire      48%        2d10      7%          4
e - Ignite Poison         Fire/Tmut/Pois 29%        N/A       8%          3
f - Fireball              Conj/Fire      24%        3d11      21%         5
g - Summon Guardian Gole  Hex/Summ       13%        N/A       22%         3
h - Blink                 Tloc           24%        N/A       12%         2

Your spell library contained the following spells:

 Spells                   Type           Power      Damage    Failure   Level
 Magic Dart               Conj           100%       1d8       1%          1
 Searing Ray              Conj           64%        2d6       3%          2
 Shock                    Conj/Air       88%        1d8       4%          1
 Inner Flame              Hex/Fire       38%        N/A       4%          3
 Animate Skeleton         Necr           24%        N/A       8%          1
 Pain                     Necr           48%        1d6       8%          1
 Gell's Gravitas          Tloc           12%        N/A       24%         3
 Lesser Beckoning         Tloc           12%        N/A       24%         3
 Swiftness                Air            12%        N/A       24%         3
 Teleport Other           Tloc           12%        N/A       24%         3
 Vampiric Draining        Necr           12%        2d6       24%         3
 Fulminant Prism          Conj/Hex       11%        3d9       36%         4
 Airstrike                Air            6%         N/A       61%         4
 Iskenderun's Battlesphe  Conj           32%        2d8       50%         5
 Agony                    Necr           12%        N/A       91%         5
 Excruciating Wounds      Necr           6%         N/A       91%         5
 Manifold Assault         Tloc           12%        N/A       91%         5
 Conjure Ball Lightning   Conj/Air       11%        3x3d6     99%         6
 Orb of Destruction       Conj           16%        9d7       100%        7
 Spellforged Servitor     Conj/Summ      11%        N/A       100%        7
 Necromutation            Tmut/Necr      6%         N/A       100%        8


Dungeon Overview and Level Annotations

Branches:
Dungeon (9/15)             Temple (1/1) D:6            Lair (2/6) D:9
  IceCv (1/1)
  Swamp: Lair:2-4    Shoals: Lair:2-4     Snake: Lair:2-4    Spider: Lair:2-4
    Orc: D:9-12

Altars:
Ashenzari
Cheibriados
Dithmenos
Elyvilon
Fedhas
Gozag
Hepliaklqana
Kikubaaqudgha
Makhleb
Nemelex Xobeh
Okawaru
Qazlal
Ru
Sif Muna
Trog
Uskayaw
Vehumet
Wu Jian
Xom
Yredelemnul
Zin
The Shining One

Shops:
D:2 [[!

Annotations:
IceCv exclusion: ice statue


Innate Abilities, Weirdness & Mutations

You are partially covered in rugged brown scales. (AC +1, +3% HP)
Spells you cast and wands you use may paralyse nearby enemies.
You have a sharp stinger which inflicts weakening toxins.
You are agile. (Dex +2)
Your mind is acute. (Int +2)
A frigid envelope surrounds you and freezes all who hurt you.


Message History

You are engulfed in freezing vapours.
You resist.
The ice statue is no longer more vulnerable to fire.
The ice statue gestures.
The ice statue gestures at you.
The bolt of cold hits the ice beast.
The ice beast completely resists.
The bolt of cold misses you.
Unknown command.
The helpless ice beast fails to defend itself.
You spit the ice beast like a pig!!!!
You kill the ice beast!
The ice beast disappears in a puff of smoke!
You are engulfed in freezing vapours.
You resist.
A frost giant comes into view.
It is wielding a +0 battleaxe of freezing.
The ice statue gestures at you. The freezing blast engulfs you! You resist.
You are engulfed in freezing vapours.
You resist. The ice beast closely misses you.
The frost giant is engulfed in freezing vapours.
The ice statue glitters chillingly in the dim dungeon light.
The ice beast misses you.
You feel much better. The ice beast closely misses you.
Okay, then.
The fireball explodes!
You hear a sizzling sound!
The fireball engulfs the frost giant!
The frost giant is lightly wounded.
You hear a sizzling sound! x2
The fireball engulfs the ice statue!!
The ice statue melts!
The ice statue is severely damaged.
Malevolent energies surge around you.
You hear a bellow! x2
The frost giant hits you with a +0 battleaxe of freezing!!
The frost giant freezes you.
The frost giant completely resists.
The ice statue gestures at you. The freezing blast engulfs you! You resist.
The ice beast barely misses you.
You hear an angry growl.
As you read the scroll of teleportation, it crumbles to dust.
You feel strangely unstable.
You are engulfed in freezing vapours.
You resist.
* * * LOW HITPOINT WARNING * * *
The frost giant hits you with a +0 battleaxe of freezing!!!
You die...

###.##...## ###.
#..§###...#### ##
###○°§####....#######
##.§°#..#
###...#....####
#..######
###.÷..##...##
#..###†######
#########÷.#
##.##.#§#§.°##
###...##
##..###C○8.°# #....##
###..##@Y.## #....##
.##§.### #.....###
###§○# h....# # ##..
...## ≈ ### .# ≈ ≈ ≈


You could see a frost giant, an ice statue and an ice beast (summoned).

Vanquished Creatures
  A hydra (Lair:1)
  2 two-headed ogres (D:9)
  A death yak (IceCv)
  Urug (Lair:1)
  A cyclops (D:9)
  An ugly thing (IceCv)
  5 cane toads
  2 komodo dragons
  A troll (D:9)
  9 polar bears
  Grinder (D:3)
  4 wyverns
  33 yaks
  2 steam dragons
  Menkaure (D:6)
  A water moccasin (Lair:2)
  An orc warrior (D:8)
  A hornet zombie (D:8)
  An ice beast (D:6)
  4 black bears
  A sky beast (D:6)
  2 necrophages (D:6)
  An ogre (D:5)
  2 centaurs
  A phantom (D:6)
  20 wolves (IceCv)
  7 bullfrogs
  A gnoll sergeant (D:7)
  2 scorpions
  A wyvern zombie (D:7)
  7 killer bees
  A bullfrog zombie (D:6)
  3 centaur zombies
  5 hounds
  Crazy Yiuf (D:4)
  4 orc priests
  Ijyb (D:4)
  5 centaur skeletons
  5 iguanas
  Natasha (thrice) (D:2)
  5 orc wizards
  2 killer bee zombies
  A hound zombie (D:5)
  6 gnolls
  10 adders
  A shadow imp (D:6)
  A white imp (D:7)
  An ufetubus (D:5)
  2 worms
  3 dart slugs
  17 orcs
  2 endoplasms
  3 giant cockroaches
  5 goblins
  4 hobgoblins
  11 jackals
  2 quokkas
  3 ball pythons
  4 bats
  3 frilled lizards
  6 kobolds
  7 rats
245 creatures vanquished.

Vanquished Creatures (others)
  An orc (D:8)
  288 foxfires
  6 plants
295 creatures vanquished.

Grand Total: 540 creatures vanquished

Notes
Turn   | Place    | Note
-------+----------+-------------------------------------------
     0 | D:1      | DemonSlayer the Demonspawn Fire Elementalist began the
                  | quest for the Orb.
     0 | D:1      | Reached XP level 1. HP: 13/13 MP: 3/3
   226 | D:1      | Found a faded altar of an unknown god.
   565 | D:1      | Gained mutation: Spells you cast may paralyse adjacent
                  | enemies. [demonic ancestry]
   565 | D:1      | Reached XP level 2. HP: 14/19 MP: 1/5
   568 | D:1      | Learned a level 2 spell: Scorch
   833 | D:1      | Reached skill level 2 in Stealth
  1532 | D:2      | Found Jokkuesh's Antique Armour Boutique.
  1588 | D:2      | Noticed Natasha
  1596 | D:2      | Killed Natasha
  1597 | D:2      | Reached XP level 3. HP: 4/25 MP: 1/6
  1917 | D:2      | Found Urrifusy's Distillery.
  1949 | D:2      | You fall into a shaft and drop 1 floor!
  2114 | D:3      | Gained mutation: You are partially covered in rugged brown
                  | scales. (AC +1, +3% HP) [demonic ancestry]
  2114 | D:3      | Reached XP level 4. HP: 25/31 MP: 2/7
  2390 | D:3      | Noticed Grinder
  2409 | D:3      | Killed Grinder
  2410 | D:3      | Reached skill level 1 in Fighting
  2410 | D:3      | Reached skill level 1 in Axes
  2410 | D:3      | Reached skill level 3 in Stealth
  2410 | D:3      | Gained mutation: Spells you cast may paralyse nearby
                  | enemies. [demonic ancestry]
  2410 | D:3      | Reached XP level 5. HP: 38/38 MP: 3/9
  2410 | D:3      | Reached XP level 6. HP: 44/44 MP: 3/10
  2414 | D:3      | Learned a level 3 spell: Conjure Flame
  2867 | D:3      | Learned a level 4 spell: Flame Wave
  3094 | D:2      | Found Paef's Antique Armour Boutique.
  3146 | D:2      | Noticed Natasha
  3154 | D:2      | Killed Natasha
  3162 | D:2      | Noticed Natasha
  3170 | D:2      | Killed Natasha
  3171 | D:2      | Reached skill level 4 in Stealth
  3537 | D:2      | Found a blossoming altar of Fedhas.
  3602 | D:2      | Bought a potion of curing for 39 gold pieces
  3602 | D:2      | Bought a potion of heal wounds for 65 gold pieces
  3602 | D:2      | Bought a potion of curing for 39 gold pieces
  3848 | D:4      | Found a blossoming altar of Fedhas.
  3867 | D:4      | Gained mutation: You have a small tail. [demonic ancestry]
  3867 | D:4      | Reached XP level 7. HP: 49/49 MP: 1/11
  4246 | D:4      | Noticed Ijyb
  4258 | D:4      | Killed Ijyb
  4567 | D:4      | Got Mufax's Catalogue of Burning Necromancy
  4694 | D:4      | Found a runed translucent door.
  4695 | D:4      | Noticed Crazy Yiuf
  4926 | D:4      | Reached skill level 1 in Short Blades
  5261 | D:4      | Killed Crazy Yiuf
  5315 | D:5      | Entered Level 5 of the Dungeon
  5587 | D:5      | Reached skill level 1 in Armour
  5587 | D:5      | Reached skill level 5 in Stealth
  5939 | D:5      | Identified the +0 ring mail of Tuotups {Will+ Regen+ Str+2
                  | Int+2}
  6113 | D:5      | Learned a level 3 spell: Ignite Poison
  6193 | D:6      | Reached XP level 8. HP: 55/55 MP: 10/14
  6239 | D:6      | Reached skill level 5 in Fire Magic
  6377 | D:6      | Reached skill level 6 in Stealth
  6380 | D:6      | Reached skill level 1 in Evocations
  6664 | D:6      | Reached skill level 5 in Spellcasting
  6752 | D:6      | Found a staircase to the Ecumenical Temple.
  6774 | D:6      | Gained mutation: Spells you cast and wands you use may
                  | paralyse nearby enemies. [demonic ancestry]
  6774 | D:6      | Reached XP level 9. HP: 62/62 MP: 13/16
  6791 | Temple   | Entered the Ecumenical Temple
  7063 | Temple   | Became a worshipper of Cheibriados the Contemplative
  7206 | D:6      | Noticed Menkaure
  7210 | D:6      | Killed Menkaure
  7220 | D:6      | Identified the +2 buckler of the Assorted Queens {Drain
                  | Str+4 Slay+3}
  7431 | D:6      | Learned a level 5 spell: Fireball
  7527 | D:7      | Reached skill level 1 in Slings
  8366 | D:7      | Reached skill level 7 in Stealth
  8998 | D:8      | Reached skill level 1 in Shields
  9530 | D:8      | Gained mutation: You tend to lose your temper in combat.
                  | [potion of mutation]
  9530 | D:8      | Gained mutation: You have a pair of small horns on your
                  | head. [potion of mutation]
  9530 | D:8      | Gained mutation: Your muscles are strong. (Str +2) [potion
                  | of mutation]
  9531 | D:8      | Lost mutation: Your muscles are strong. (Str +2) [potion of
                  | mutation]
  9531 | D:8      | Lost mutation: You tend to lose your temper in combat.
                  | [potion of mutation]
  9531 | D:8      | Lost mutation: You have a pair of small horns on your head.
                  | [potion of mutation]
  9531 | D:8      | Gained mutation: A frigid envelope surrounds you and
                  | freezes all who hurt you. [potion of mutation]
  9531 | D:8      | Gained mutation: Your mind is acute. (Int +2) [potion of
                  | mutation]
  9531 | D:8      | Gained mutation: You are agile. (Dex +2) [potion of
                  | mutation]
 10221 | D:9      | Gained mutation: You have a tail ending in a sharp stinger.
                  | [demonic ancestry]
 10221 | D:9      | Reached XP level 10. HP: 72/72 MP: 17/19
 10382 | D:9      | Noticed a cyclops
 10395 | D:9      | Killed a cyclops
 10470 | D:9      | Noticed a two-headed ogre
 10480 | D:9      | Killed a two-headed ogre
 10481 | D:9      | Reached skill level 8 in Stealth
 10529 | D:9      | Reached * piety under Cheibriados
 10553 | D:9      | Found a staircase to the Lair.
 10556 | D:9      | Noticed a two-headed ogre
 10561 | D:9      | Killed a two-headed ogre
 11166 | D:9      | Learned a level 3 spell: Summon Guardian Golem
 11236 | Lair:1   | Entered Level 1 of the Lair of Beasts
 11251 | Lair:1   | Gained mutation: You have a sharp stinger which inflicts
                  | weakening toxins. [demonic ancestry]
 11251 | Lair:1   | Reached XP level 11. HP: 80/80 MP: 21/21
 11298 | Lair:1   | Noticed a seven-headed hydra
 11303 | Lair:1   | Killed a seven-headed hydra
 11544 | Lair:1   | Noticed Urug
 11765 | Lair:1   | Killed Urug
 11766 | Lair:1   | Reached skill level 9 in Stealth
 12399 | Lair:1   | Learned a level 2 spell: Blink
 12527 | Lair:2   | Found a radiant altar of Vehumet.
 12611 | Lair:2   | Reached skill level 5 in Armour
 12635 | Lair:2   | Found a frozen archway.
 12647 | IceCv    | Entered an ice cave
 12671 | IceCv    | Reached ** piety under Cheibriados
 12729 | IceCv    | Reached skill level 5 in Short Blades
 12783 | IceCv    | Reached skill level 10 in Stealth
 12850 | IceCv    | Reached XP level 12. HP: 70/86 MP: 23/23
 13042 | IceCv    | Reached *** piety under Cheibriados
 13207 | IceCv    | Noticed a death yak
 13236 | IceCv    | Killed a death yak
 13502 | IceCv    | Noticed a frost giant
 13506 | IceCv    | Mangled by a frost giant

Illustrated notes

Levels and vault maps discovered:
D:1:      eino_arrival_tree_alley, layout_loops_ring,
          dreamdust_ecumenical_altar_angels_and_demons, nrook_mini_backslash,
          fountainhead, minivault_25, minmay_misc_feat_rows
D:2:      layout_rooms, serial_shops, shop, nicolae_shop_hallway_plus,
          nicolae_shop_trees, basic_altar, uniq_natasha
D:3:      layout_rooms, kennysheep_generic_room_9, uniq_grinder
D:4:      layout_basic, fedhas_altar_1, serial_co_window_serial,
          co_window_of_opportunity_a, co_window_paths_a, co_window_corner_a,
          co_window_corner_a, co_window_paths_b, co_window_corner_a,
          co_window_corner_a, co_window_broadway_c, co_window_of_opportunity_b,
          co_window_broadway_c, co_window_broadway_c, co_window_paths_c,
          glass_columns_a, uniq_ijyb, uniq_crazy_yiuf_cottage
D:5:      layout_basic
D:6:      layout_cave_pools, minmay_temple_entry_wispy, minivault_1,
          minmay_joined_circles, uniq_menkaure
D:7:      layout_basic, minmay_fractal_squares_diagonal_5
D:8:      lemuel_ice_spiral_2, layout_basic, kennysheep_generic_room_6
D:9:      layout_long_grid, david_lair_shrubbed
Temple:   mainiacjoe_temple_hex_bubbles
Lair:1:   layout_layer_cave, grunt_megastairs_3, uniq_urug
Lair:2:   layout_hall_layers, basic_altar, portal_ice_cave_entry_pillars_2,
          infiniplex_staircase_pool
IceCv:    ice_cave_caverns_01

Skill      XL: |  1  2  3  4  5  6  7  8  9 10 11 12 |
---------------+-------------------------------------+-----
Fire Magic     | 3 4 5 6 7 8 |  8.3
Stealth        | 2 3 4 5 6 7 8 10 | 10.4
Dodging        | 2 3 4 |  4.1
Fighting       | 1 3 4 |  4.9
Axes           | 1 |  1.9
Conjurations   | 2 3 |  3.2
Spellcasting   | 3 4 5 6 7 8 |  8.2
Short Blades   | 1 2 3 4 5 |  5.5
Armour         | 1 2 3 4 5 |  5.5
Evocations     | 1 4 |  4.3
Slings         | 1 |  1.0
Shields        | 1 2 3 |  3.0
Throwing       | |  0.3
Unarmed Combat | |  0.5
Hexes          | |  0.1
Summonings     | |  0.1

Action                   |  1- 3 |  4- 6 |  7- 9 | 10-12 || total
-------------------------+-------+-------+-------+-------++-------
Melee: Hand axe          |    37 |    48 |       |       ||    85
       Unarmed           |     7 |       |       |       ||     7
       Punch             |     2 |     1 |       |       ||     3
       Short sword       |    10 |     6 |       |       ||    16
       Dagger            |       |     3 |   200 |   254 ||   457
       Tailslap          |       |       |    14 |    64 ||    78
 Fire: Fustibalus        |       |       |     5 |       ||     5
Throw: Dart              |       |       |     9 |       ||     9
 Cast: Foxfire           |    51 |    72 |    45 |       ||   168
       Scorch            |       |       |    77 |    60 ||   137
       Conjure Flame     |       |       |     1 |     2 ||     3
       Fireball          |       |       |       |     2 ||     2
Evoke: Wand              |       |       |     9 |    28 ||    37
  Use: Scroll            |       |       |    16 |     5 ||    21
       Potion            |       |       |     7 |     2 ||     9
 Stab: Paralysed         |     7 |    30 |    46 |    36 ||   119
       Sleeping          |       |     6 |     7 |    13 ||    26
       Distracted        |       |       |       |     2 ||     2
Armor: Robe              |    14 |     5 |       |       ||    19
       Leather armour    |       |    16 |    41 |       ||    57
       Ring mail         |       |       |    98 |    66 ||   164
Dodge: Dodged            |    68 |    29 |   168 |   126 ||   391
Block: Buckler           |       |       |    38 |    90 ||   128
